 Dungeon Crawl Stone Soup version 0.28-a0-1389-gc726bef33b (webtiles) character file.

Game seed: 6503433988235588160

333 Grim the Cudgeller (level 6, -1/47 HPs)
             Began as a Formicid Monk on Jan 3, 2022.
             Slain by a hound (4 damage)
             ... on level 3 of the Dungeon.
             The game lasted 00:05:02 (4208 turns).

Grim the Cudgeller (Formicid Monk)                  Turns: 4208, Time: 00:05:03

Health: -1/47      AC:  6    Str: 14 (15) XL:     6   Next: 82%
Magic:  6/6        EV: 11    Int: 12      God:
Gold:   113        SH:  0    Dex: 13      Spells: 5/5 levels left

rFire   . . .      SeeInvis +   f - +0 morningstar
rCold   . . .      Faith    .   (no shield)
rNeg    . . .      Spirit   .   e - +0 ring mail
rPois   .          Reflect  .   (helmet unavailable)
rElec   .          Harm     .   i - +0 cloak
rCorr   .          Rampage  .   (no gloves)
Will    .....                   (no boots)
Stlth   ++........              (no amulet)
HPRegen 0.15/turn               (no ring)
MPRegen 0.10/turn               (no ring)

@: brilliant
A: permanent stasis, dig shafts and tunnels, antennae 3, four strong arms
a: Dig, Shaft Self


You were on level 3 of the Dungeon.
You visited 1 branch of the dungeon, and saw 4 of its levels.

You collected 113 gold pieces.

Inventory:

Hand Weapons
 a - a +0 mace
 f - a +0 morningstar (weapon)
Missiles
 b - 7 poisoned darts
 h - 5 javelins
Armour
 e - a +0 ring mail (worn)
 i - a +0 cloak (worn)
Wands
 c - a wand of flame (23)
Scrolls
 d - 6 scrolls of identify {unknown}
 g - a scroll of immolation {unknown}
 j - a scroll of magic mapping {unknown}


   Skills:
 - Level 3.2 Fighting
 + Level 5.9 Maces & Flails
 - Level 2.6 Dodging
 - Level 5.6 Stealth


You had 5 spell levels left.
You didn't know any spells.
Your spell library was empty.

Dungeon Overview and Level Annotations

Branches:
Dungeon (4/15)
 Temple: D:4-7

Altars:
Okawaru

Shops:
D:3 !


Innate Abilities, Weirdness & Mutations

You cannot be hasted, slowed, berserked, paralysed or teleported.
You can dig through walls and to a lower floor.
You have a pair of large antennae on your head. (SInv)
Your four strong arms can wield two-handed weapons with a shield.


Message History

You climb upwards.
You feel sick.
You are no longer poisoned.
There is a stone staircase leading down here.
The hound bites you but does no damage. The hound bites you but does no damage.
The hound bites you.
* * * LOW HITPOINT WARNING * * *
You miss the hound. The hound bites you.
* * * LOW HITPOINT WARNING * * *
The hound bites you.
* * * LOW HITPOINT WARNING * * *
You closely miss the hound. The hound closely misses you.
You closely miss the hound. The hound bites you.
* * * LOW HITPOINT WARNING * * *
The hound closely misses you.
You barely miss the hound. The hound misses you.
The hound bites you but does no damage.
You barely miss the hound. The hound bites you but does no damage.
The hound bites you.
* * * LOW HITPOINT WARNING * * *
You miss the hound. The hound barely misses you. The hound closely misses you.
It was a potion of brilliance.
You feel clever all of a sudden. The hound bites you but does no damage.
You closely miss the hound.
The hound bites you but does no damage. x2
You barely miss the hound. The hound barely misses you.
The hound closely misses you.
You closely miss the hound. The hound bites you.
* * * LOW HITPOINT WARNING * * *
The hound bites you but does no damage.
You closely miss the hound. The hound bites you.
* * * LOW HITPOINT WARNING * * *
You barely miss the hound. The hound bites you but does no damage.
The hound bites you.
* * * LOW HITPOINT WARNING * * *
You closely miss the hound. The hound bites you.
* * * LOW HITPOINT WARNING * * *
The hound barely misses you.
You closely miss the hound. The hound misses you. The hound bites you.
You die...

..#..##..##.## #.#.#
..##.##8.#)..## #.#.#
..##..#.......### #.#.########
.....8<∩.8......# #.#.#.......
..##..#.#..>..#.# #.#.#.######
..#...#8##...##.######.#.#.#
..#....................#.#.#
......####...#########.#.#.######
..##### #..>.Sh@...........(....
### #...#############.#####.
##### #.# ## #.# #.######
#....... ########


You could see a hound and an adder.

Vanquished Creatures
  A sky beast (D:3)
  A scorpion (D:3)
  Crazy Yiuf (D:2)
  A centaur skeleton (D:3)
  A hound skeleton (D:4)
  5 adders
  A worm (D:2)
  4 dart slugs
  An orc (D:3)
  7 ball pythons
  6 endoplasms
  3 giant cockroaches
  4 goblins
  5 hobgoblins
  3 jackals (D:2)
  7 kobolds
  2 quokkas
  3 bats
  2 frilled lizards (D:2)
  4 rats
62 creatures vanquished.

Vanquished Creatures (others)
  An orc (D:3)
1 creature vanquished.

Grand Total: 63 creatures vanquished

Notes
Turn   | Place    | Note
-------+----------+-------------------------------------------
     0 | D:1      | Grim the Formicid Monk began the quest for the Orb.
     0 | D:1      | Reached XP level 1. HP: 18/18 MP: 1/1
   181 | D:1      | Reached XP level 2. HP: 20/24 MP: 2/2
   614 | D:1      | Reached XP level 3. HP: 28/29 MP: 3/3
  1065 | D:2      | Found a runed translucent door.
  1066 | D:2      | Noticed Crazy Yiuf
  1242 | D:2      | Reached XP level 4. HP: 12/35 MP: 4/4
  2347 | D:2      | Killed Crazy Yiuf
  2348 | D:2      | Reached XP level 5. HP: 31/41 MP: 5/5
  2531 | D:3      | Found Itefreig's Distillery.
  2531 | D:3      | Noticed a sky beast
  2546 | D:3      | Killed a sky beast
  2547 | D:3      | Reached skill level 5 in Stealth
  2547 | D:3      | Reached XP level 6. HP: 14/47 MP: 6/6
  2931 | D:3      | Reached skill level 5 in Maces & Flails
  3051 | D:3      | Found an iron altar of Okawaru.
  3559 | D:3      | Found a faded altar of an unknown god.
  4208 | D:3      | Slain by a hound

Illustrated notes

Levels and vault maps discovered:
D:1:      amcnicky_arrival_flooded_fountain, layout_basic,
          chequers_serial_rivers_small_a
D:2:      layout_basic, serial_co_window_serial, co_window_cross_1,
          co_window_paths_a, co_window_paths_b, co_window_of_opportunity_a,
          co_window_paths_a, co_window_corner_a, co_window_broadway_a,
          co_window_corner_ca, co_window_2corner, co_window_unsneaky_path_e,
          co_window_paths_c, co_window_of_opportunity_c, glass_columns_b,
          glass_columns_a, serial_park_tiny_2, uniq_crazy_yiuf_cottage
D:3:      layout_loops_ring, mainiacjoe_overflow_brackets, serial_shops,
          nicolae_shop_statue_plus,
          dreamdust_ecumenical_altar_angels_and_demons,
          kennysheep_generic_room_2
D:4:      layout_basic, uniq_ijyb, uniq_robin, uniq_natasha, uniq_edmund,
          uniq_sigmund, uniq_eustachio

Skill      XL: |  1  2  3  4  5  6 |
---------------+-------------------+-----
Stealth        | 3 4 5 |  5.6
Maces & Flails | 4 5 |  5.9
Fighting       | |  3.2
Dodging        | |  2.6

Action                   |  1- 3 |  4- 6 || total
-------------------------+-------+-------++-------
Melee: Mace              |    13 |       ||    13
       Morningstar       |    52 |   137 ||   189
  Use: Potion            |       |     3 ||     3
 Stab: Sleeping          |     3 |     6 ||     9
Armor: Robe              |     1 |       ||     1
       Ring mail         |    21 |    66 ||    87
Dodge: Dodged            |    31 |    93 ||   124

Table legend: (Time is in decaauts)
 A = Elapsed time spent in this place.
 B = Non-inter-level travel time spent in this place.
 C = Inter-level travel time spent in this place.
 D = Time resting spent in this place.
 E = Time spent auto-exploring this place.
 F = Levels seen in this place.
 G = Mean time per level.
                   A        B        C        D        E       F      G
               +--------+--------+--------+--------+--------+-----+--------+
         Total |   4263 |   4169 |     94 |   1421 |   2165 |   4 | 1065.8 |
       Dungeon |   4263 |   4169 |     94 |   1421 |   2165 |   4 | 1065.8 |
               +--------+--------+--------+--------+--------+-----+--------+

Top non-repeatable levels by time:
     D:2: 1791 daAuts
     D:3: 1724 daAuts
     D:1: 722 daAuts
     D:4: 25 daAuts
